 Dungeon Crawl Stone Soup version 0.31-a0-18-gea43df2 (webtiles) character file.

Game seed: 569861842506026819

0 Nithhogg the Trooper (level 1, -1/19 HPs)
             Began as a Hill Orc Fighter on May 9, 2023.
             Slain by a kobold
             ... wielding a +2 dagger of distortion
              (3 damage)
             ... on level 1 of the Dungeon.
             The game lasted 00:00:35 (179 turns).

Nithhogg the Trooper (Hill Orc Fighter)              Turns: 179, Time: 00:00:35

Health: -1/19      AC:  8    Str: 18    XL:     1   Next: 10%
Magic:  1/1        EV:  9    Int:  8    God:
Gold:   0          SH:  0    Dex: 10    Spells: 0/0 levels left

rFire   . . .        a - +0 war axe
rCold   . . .        (no shield)
rNeg    . . .        b - +0 scale mail
rPois   .            e - +0 helmet
rElec   .            (no cloak)
rCorr   .            (no gloves)
SInv    .            (no boots)
Will    .....        (no amulet) Stlth
                     (no ring)
HPRegen 0.23/turn    (no ring)
MPRegen 0.07/turn

%: no passive effects
@: no status effects
A: no striking features
a: no special abilities


You were on level 1 of the Dungeon.
You visited 1 branch of the dungeon, and saw 1 of its levels.

Inventory:

Hand Weapons
 a - a +0 war axe (weapon)
Armour
 b - a +0 scale mail (worn)
 c - a +0 buckler
 e - a +0 helmet (worn)
Potions
 d - a potion of might


   Skills:
 + Level 3.6 Fighting
 + Level 2.7 Axes
 + Level 3.3 Armour
 - Level 3.2 Shields
 + Level 0.0 Invocations


You couldn't memorise any spells.
You didn't know any spells.
Your spell library was empty.

Dungeon Overview and Level Annotations

Branches:
Dungeon (1/15)

Altars:

Shops:
D:1 *


Message History

There is an open gate here.
Found a helmet.
Found Murihibeo's Assorted Antiques.
You see here a +0 helmet.
e - a +0 helmet You start putting on your armour.
You continue putting on your +0 helmet. x4
You finish putting on your +0 helmet.
There is an entrance to Murihibeo's Assorted Antiques here.
Found a stone staircase leading down.
Found a whip.
You see here a +0 whip.
Key pressed, stopping explore.
No target in view!
A frilled lizard comes into view.
The frilled lizard hisses angrily.
A frilled lizard is nearby!
The frilled lizard bites you but does no damage.
You slash the frilled lizard!
You kill the frilled lizard!
No target in view!
No target in view!
No target in view!
No target in view!
No target in view!
No target in view!
Found a dagger.
A kobold comes into view.
It is wielding a +2 dagger of distortion.
The kobold shouts!
The kobold hits you but does no damage.
You blink.
Found a stone staircase leading down.
The kobold hits you but does no damage. Space warps horribly around you!
You barely miss the kobold.
The kobold hits you with a +2 dagger of distortion.
Space warps around you.
* * * LOW HITPOINT WARNING * * *
You barely miss the kobold.
The kobold hits you with a +2 dagger of distortion.
* * * LOW HITPOINT WARNING * * *
Space warps around you.
You die...

# #.......... #
#.........# . #
##.........#.. #
##............. ##
#.............. .#######
#............ ...##..
#..........># ##.##.#
###.K@......# .#..#.##
###..........##
.......###...###.....##
....##..##.############
#######..#......#.....##
##...............##
##...............#
#...............#
#...............#


You could see a kobold.

Vanquished Creatures
  A frilled lizard (D:1)
1 creature vanquished.

Notes
Turn   | Place    | Note
-------+----------+-------------------------------------------
     0 | D:1      | Nithhogg the Hill Orc Fighter began the quest for the Orb.
     0 | D:1      | Reached XP level 1. HP: 19/19 MP: 1/1
    68 | D:1      | Found Murihibeo's Assorted Antiques.
   179 | D:1      | Slain by a kobold

Illustrated notes

Levels and vault maps discovered:
D:1:      kennysheep_arrival_seaside, layout_rooms, serial_shops,
          nicolae_lakefront_shop, shop, nicolae_shop_just_a_little_nook,
          nicolae_shop_overgrown_old_shop

Action                     || total
---------------------------++-------
  Melee: War axe           ||     3
 Armour: Scale mail        ||     3

Table legend: (Time is in decaauts)
 A = Elapsed time spent in this place.
 B = Non-inter-level travel time spent in this place.
 C = Inter-level travel time spent in this place.
 D = Time resting spent in this place.
 E = Time spent auto-exploring this place.
 F = Levels seen in this place.
 G = Mean time per level.
                   A        B        C        D        E       F      G
               +--------+--------+--------+--------+--------+-----+--------+
         Total |    179 |    179 |      0 |      0 |    150 |   1 |  179.0 |
       Dungeon |    179 |    179 |      0 |      0 |    150 |   1 |  179.0 |
               +--------+--------+--------+--------+--------+-----+--------+

Top non-repeatable levels by time:
     D:1: 179 daAuts
